 Dungeon Crawl Stone Soup version 0.25.1-2-g60ff931df9 (webtiles) character file.

Game seed: 6822574057896631893

268 Cheops the Chopper (level 6, 0/47 HPs)
             Began as a Demonspawn Fighter on Oct 31, 2020.
             Killed from afar by a kobold (21 damage)
             ... with a bolt of acid
             ... on level 3 of the Dungeon.
             The game lasted 00:04:54 (3005 turns).

Cheops the Chopper (Demonspawn Fighter)             Turns: 3005, Time: 00:04:55

Health: 0/47       AC:  7    Str: 19    XL:     6   Next: 0%
Magic:  6/6        EV:  7    Int:  9    God:
Gold:   107        SH:  9    Dex: 15    Spells: 5/5 levels left

rFire    . . .     SeeInvis .   a - +0 war axe
rCold    . . .     Gourm    .   c - +0 kite shield
rNeg     . . .     Faith    .   b - +0 scale mail
rPois    .         Spirit   .   g - +1 helmet of Bexaral {Dex+3}
rElec    .         Reflect  .   (no cloak)
rCorr    .         Harm     .   (no gloves)
MR       .....                  (no boots)
Stlth    ..........             (no amulet)
HPRegen  0.15/turn              (no ring)
MPRegen  0.10/turn              (no ring)

@: corroded
A: icy blue scales 2
a: no special abilities


You were on level 3 of the Dungeon.
You were not hungry.

You visited 1 branch of the dungeon, and saw 3 of its levels.

You collected 107 gold pieces.

Inventory:

Hand Weapons
 a - a +0 war axe (weapon)
Armour
 b - a +0 scale mail (worn)
 c - a +0 kite shield (worn)
 g - the +1 helmet of Bexaral (worn) {Dex+3}
   (You took it off Robin on level 2 of the Dungeon)

   It affects your dexterity (+3).
Wands
 s - a wand of random effects (26)
Scrolls
 e - 3 scrolls of identify {unknown}
 h - 5 scrolls of teleportation {unknown}
 i - a scroll of remove curse {unknown}
 k - 2 scrolls of magic mapping {unknown}
 l - a scroll of amnesia {unknown}
 n - a scroll of fear {unknown}
Potions
 j - a potion of ambrosia {unknown}
 m - 3 potions of mutation {unknown}
 o - a potion of haste {unknown}
 p - a potion of degeneration {unknown}
 q - a potion of lignification {unknown}
 r - 2 potions of cancellation {unknown}
 t - a potion of magic {unknown}
 u - a potion of brilliance {unknown}
Comestibles
 d - 10 chunks of flesh
 f - 3 rations


   Skills:
 - Level 3.0 Fighting
 + Level 5.8 Axes
 - Level 2.6 Armour
 - Level 2.6 Shields


You had 5 spell levels left.
You didn't know any spells.
Your spell library was empty.

Dungeon Overview and Level Annotations

Branches:
Dungeon (3/15)

Altars:
The Shining One


Innate Abilities, Weirdness & Mutations

You are mostly covered in icy blue scales. (AC +3)


Message History

The kobold suddenly seems more resistant.
You block the jelly's attack. The rat bites you.
Unknown command.
You hit the jelly.
Your hands burn!
* * * LOW HITPOINT WARNING * * *
The jelly is almost dead.
You slash the rat!
You kill the rat!
A quokka comes into view.
The jelly barely misses you.
You slash the jelly!
You kill the jelly!
You have reached level 6!
Your experience leads to an increase in your attributes!
Your base attributes are Str 18, Int 9, Dex 12.
Increase (S)trength, (I)ntelligence, or (D)exterity?
You feel stronger.
A rat comes into view.
The kobold zaps a wand.
The bolt of acid hits you!!
You die...

######
###†######
######
#..# # #
#####.# #
rr
##...#.#
#..
#'.8.#.#
#..
#...#.#
#.K#...#.#
#'.8.'.#
#.#).@###
#...#
#'.8.#
##...#
#####


You could see a kobold (resistant).

Vanquished Creatures
  A jelly (D:3)
  Terence (D:1)
  3 orc wizards (D:3)
  Robin (D:2)
  3 adders (D:2)
  A worm (D:2)
  3 dart slugs
  7 orcs (D:3)
  A ball python (D:3)
  5 giant cockroaches
  16 goblins
  9 hobgoblins
  4 jackals (D:3)
  6 kobolds
  8 bats
  6 frilled lizards
  6 rats
81 creatures vanquished.

Notes
Turn   | Place    | Note
-------+----------+-------------------------------------------
     0 | D:1      | Cheops the Demonspawn Fighter began the quest for the Orb.
     0 | D:1      | Reached XP level 1. HP: 18/18 MP: 1/1
    34 | D:1      | Reached skill level 2 in Axes
   178 | D:1      | Gained mutation: You are partially covered in icy blue
                  | scales. (AC +2) [demonic ancestry]
   178 | D:1      | Reached XP level 2. HP: 24/24 MP: 2/2
   523 | D:1      | Found a glowing golden altar of the Shining One.
  1088 | D:2      | Reached skill level 3 in Axes
  1136 | D:2      | Reached XP level 3. HP: 27/29 MP: 3/3
  1256 | D:2      | Identified the +1 helmet of Bexaral {Dex+3}
  1256 | D:2      | Noticed Robin
  1282 | D:2      | Noticed Terence
  1300 | D:1      | HP: 10/29 [goblin/+0 club[Robin] (5)]
  1306 | D:1      | HP: 2/29 [Terence/+0 hand axe (7)]
  1308 | D:1      | Killed Terence
  1308 | D:1      | Reached skill level 4 in Axes
  1308 | D:1      | Reached XP level 4. HP: 3/35 MP: 4/4
  1672 | D:2      | HP: 14/35 [poisoned by an adder]
  1679 | D:2      | HP: 13/35 [poisoned by an adder]
  1687 | D:2      | HP: 12/35 [poisoned by an adder]
  1711 | D:2      | HP: 12/35 [Robin/+0 trident (2)]
  1920 | D:2      | Killed Robin
  2419 | D:3      | Gained mutation: You are mostly covered in icy blue scales.
                  | (AC +3) [demonic ancestry]
  2419 | D:3      | Reached XP level 5. HP: 39/41 MP: 5/5
  2432 | D:3      | Reached skill level 5 in Axes
  3004 | D:3      | Reached XP level 6. HP: 21/47 MP: 6/6
  3005 | D:3      | Killed from afar by a kobold

Illustrated notes

Levels and vault maps discovered:
D:1:      psy_arrival_statuary, layout_loops_corners, tso_altar
D:2:      layout_rooms, uniq_terence, uniq_robin
D:3:      minmay_chambers_of_threes, layout_basic

Skill      XL: |  1  2  3  4  5 |
---------------+----------------+-----
Axes           | 2 3 4 5 |  5.8
Fighting       | |  3.0
Armour         | |  2.6
Shields        | |  2.6

Action                   |  1- 3 |  4- 6 || total
-------------------------+-------+-------++-------
Melee: War axe           |    97 |   144 ||   241
  Use: Potion            |     1 |       ||     1
  Eat: Chunk             |     1 |     6 ||     7
Armor: Scale mail        |    65 |    82 ||   147
Dodge: Dodged            |    35 |    52 ||    87
Block: Kite shield       |    50 |    77 ||   127
